 Dungeon Crawl Stone Soup version 0.29-a0-384-g6960b1960d (webtiles) character file.

Game seed: 17146880825387415153

612 zazu2006 the Magician (level 7, -17/57 HPs)
             Began as a Naga Hedge Wizard on May 7, 2022.
             Demolished by a two-headed ogre
             ... wielding a +0 giant club
              (22 damage)
             ... on level 5 of the Dungeon.
             The game lasted 00:10:21 (6637 turns).

zazu2006 the Magician (Naga Hedge Wizard)           Turns: 6637, Time: 00:10:21

Health: -17/57     AC:  3    Str: 12    XL:     7   Next: 44%
Magic:  0/14       EV: 10    Int: 16    God:
Gold:   194        SH:  0    Dex: 11    Spells: 6/15 levels left

rFire   + . .      SeeInvis +   l - +0 long sword
rCold   . . .      Faith    .   (no shield)
rNeg    . . .      Spirit   .   b - +0 robe
rPois   +          Reflect  .   c - +0 hat
rElec   .          Harm     .   (no cloak)
rCorr   .          Rampage  .   (no gloves)
Will    .....                   (no barding)
Stlth   ++........              (no amulet)
HPRegen 0.19/turn               i - ring of protection from fire
MPRegen 0.14/turn               (no ring)

@: very slow
A: AC +2, large, see invisible, deformed body, poison resistance, slowness 2,
spit poison 1, naga tail 1
a: Spit Poison


You were on level 5 of the Dungeon.
You visited 1 branch of the dungeon, and saw 5 of its levels.

You collected 194 gold pieces.

Inventory:

Hand Weapons
 a - a +0 dagger
 l - a +0 long sword (weapon)
 r - a +2 short sword of flaming
Missiles
 D - a throwing net
Armour
 b - a +0 robe (worn)
 c - a +0 hat (worn)
Jewellery
 i - a ring of protection from fire (left hand)
 p - a +4 ring of protection
 q - a ring of ice
Wands
 A - a wand of mindburst (24)
Scrolls
 g - 3 scrolls of identify {unknown}
 h - 2 scrolls of fog {unknown}
 j - 2 scrolls of magic mapping {unknown}
 k - 3 scrolls of blinking {unknown}
 o - a scroll of poison {unknown}
 t - a scroll of teleportation {unknown}
 u - 2 scrolls of fear {unknown}
 y - a scroll of brand weapon {unknown}
 B - a scroll of amnesia {unknown}
 C - a scroll of vulnerability {unknown}
Potions
 d - a potion of magic
 e - a potion of haste {unknown}
 f - 3 potions of resistance {unknown}
 m - a potion of mutation {unknown}
 n - a potion of attraction {unknown}
 s - a potion of brilliance {unknown}
 v - a potion of curing {unknown}
 w - a potion of lignification {unknown}
 x - 2 potions of invisibility {unknown}
 z - 2 potions of cancellation {unknown}


   Skills:
 + Level 1.3 Fighting
 + Level 1.4 Long Blades
 + Level 2.0 Dodging
 + Level 4.4 Stealth
 + Level 4.9 Spellcasting
 + Level 4.0 Conjurations
 + Level 1.0 Summonings
 + Level 1.0 Translocations
 + Level 0.3 Air Magic
 * Level 4.0 Poison Magic


You had 6 spell levels left.
You knew the following spells:

 Your Spells              Type           Power      Damage    Failure   Level
a - Magic Dart            Conj           68%        1d6       3%          1
b - Mephitic Cloud        Conj/Pois/Air  13%        N/A       14%         3
c - Conjure Flame         Conj/Fire      10%        6-21      21%         3
d - Blink                 Tloc           14%        N/A       16%         2

Your spell library contained the following spells:

 Spells                   Type           Power      Damage    Failure   Level
 Slow                     Hex            12%        N/A       16%         1
 Call Imp                 Summ           7%         N/A       16%         2


Dungeon Overview and Level Annotations

Branches:
Dungeon (5/15)
 Temple: D:4-7

Altars:


Innate Abilities, Weirdness & Mutations

Your serpentine skin is tough. (AC +2)
You have supernaturally acute eyesight. (SInv)
Armour fits poorly on your strangely shaped body.
Your system is resistant to poisons. (rPois)
You cover ground very slowly.
You can spit poison.
You have a snake-like lower body.


Message History

You see here a +0 flail.
Casting: Mephitic Cloud (dangerous; 14% risk of failure)
Confirm with . or Enter, or press ? or * to list all spells.
The fire begins to smoulder!
The two-headed ogre looks more healthy.
The fire ignites!
You have got your breath back.
Casting: Conjure Flame (dangerous; 21% risk of failure)
Confirm with . or Enter, or press ? or * to list all spells.
You don't have enough magic to cast this spell.
Unknown command.
Unknown command.
Your magical contamination has completely faded away.
Casting: Conjure Flame (dangerous; 21% risk of failure)
Confirm with . or Enter, or press ? or * to list all spells.
You don't have enough magic to cast this spell.
There is a stone staircase leading up here.
Casting: Conjure Flame (dangerous; 21% risk of failure)
Confirm with . or Enter, or press ? or * to list all spells.
Aiming: Mephitic Cloud (dangerous; 14% risk of failure)
Press: ? - help, Shift-Dir - straight line, f/p - two-headed ogre
Aim: a two-headed ogre, wielding two +0 giant clubs (lightly wounded, chance to affect: 53%)
The ball explodes into a vile cloud!
The stinking cloud engulfs the two-headed ogre but does no damage.
The two-headed ogre is lightly wounded.
The stinking cloud engulfs you but does no damage.
You hear a shout!
The two-headed ogre is engulfed in noxious fumes.
The two-headed ogre appears confused.
The two-headed ogre closely misses you.
The two-headed ogre hits you with a +0 giant club!!
Unknown command.
Unknown command.
You strike the helpless two-headed ogre from behind!
You hit the two-headed ogre.
The two-headed ogre is lightly wounded.
The two-headed ogre is engulfed in noxious fumes.
The two-headed ogre appears confused.
The two-headed ogre hits you with a +0 giant club!!
* * * LOW HITPOINT WARNING * * *
The two-headed ogre hits you with a +0 giant club!!
You die...

#.# #..# . ##.##
#..####
#...#...###).#..
#....)[)))..#.# #
#.###...#<#..#.##.#
##.##.#.......#
#.##.#.°○....##
#.##.#○°O......
#.##.#.@....###
.............#
####..####.#....
...... ###.##
###... #.# #. ## #


You could see a two-headed ogre (confused).

Vanquished Creatures
  An ogre (D:4)
  A bullfrog (D:5)
  2 jellies (D:5)
  A gnoll shaman (D:5)
  A hound (D:4)
  Jessica (D:3)
  Terence (D:2)
  5 iguanas
  An orc wizard (D:5)
  4 gnolls
  4 adders
  2 dart slugs (D:4)
  8 orcs
  7 ball pythons
  3 bats (D:1)
  8 endoplasms
  5 hobgoblins
  6 frilled lizards
  2 goblins
  9 kobolds
  4 rats
76 creatures vanquished.

Vanquished Creatures (others)
  3 plants (D:3)
3 creatures vanquished.

Grand Total: 79 creatures vanquished

Notes
Turn   | Place    | Note
-------+----------+-------------------------------------------
     0 | D:1      | zazu2006 the Naga Hedge Wizard began the quest for the Orb.
     0 | D:1      | Reached XP level 1. HP: 15/15 MP: 4/4
   502 | D:1      | Reached XP level 2. HP: 22/22 MP: 0/6
  1601 | D:2      | Reached XP level 3. HP: 21/28 MP: 0/8
  1612 | D:2      | Learned a level 3 spell: Mephitic Cloud
  1616 | D:2      | Learned a level 3 spell: Conjure Flame
  1619 | D:2      | Learned a level 2 spell: Blink
  2468 | D:2      | Reached XP level 4. HP: 37/37 MP: 2/9
  2542 | D:2      | Noticed Terence
  2554 | D:2      | Killed Terence
  2912 | D:3      | Reached XP level 5. HP: 37/43 MP: 2/10
  3495 | D:3      | Noticed Jessica
  3499 | D:3      | Killed Jessica
  4411 | D:4      | Noticed an ogre
  4431 | D:4      | Killed an ogre
  4432 | D:4      | Reached XP level 6. HP: 19/50 MP: 1/12
  5237 | D:5      | Entered Level 5 of the Dungeon
  5282 | D:5      | Reached skill level 1 in Long Blades
  5440 | D:5      | Reached XP level 7. HP: 56/56 MP: 11/13
  5988 | D:5      | Reached skill level 1 in Fighting
  6397 | D:5      | Noticed a two-headed ogre
  6637 | D:5      | Demolished by a two-headed ogre

Illustrated notes

Levels and vault maps discovered:
D:1:      beargit_arrival_greenhouse, layout_rooms,
          kennysheep_decorative_pillar, chequers_jeans, dk_noncrumbling_4
D:2:      layout_loops_ring, wad_orctagon, uniq_terence
D:3:      layout_loops_ring, lexackson_kobold_supper, uniq_jessica
D:4:      layout_gridville
D:5:      layout_loops_ring

Skill      XL: |  1  2  3  4  5  6  7 |
---------------+----------------------+-----
Conjurations   | 2 3 4 |  4.0
Poison Magic   | 2 3 4 |  4.0
Dodging        | 2 |  2.0
Stealth        | 4 |  4.4
Spellcasting   | 4 |  4.9
Long Blades    | 1 |  1.4
Fighting       | 1 |  1.3
Summonings     | |  1.0
Translocations | |  1.0
Air Magic      | |  0.3

Action                   |  1- 3 |  4- 6 |  7- 9 || total
-------------------------+-------+-------+-------++-------
Melee: Dagger            |     5 |     6 |       ||    11
       Falchion          |    15 |       |       ||    15
       Long sword        |       |     9 |    33 ||    42
       Punch             |       |     1 |       ||     1
 Cast: Magic Dart        |    82 |    86 |    21 ||   189
       Mephitic Cloud    |       |     5 |    13 ||    18
       Conjure Flame     |       |       |     2 ||     2
       Blink             |       |       |     1 ||     1
 Abil: Spit Poison       |    16 |    18 |    13 ||    47
 Stab: Confused          |       |     1 |     3 ||     4
Armor: Robe              |    12 |     1 |    11 ||    24
Dodge: Dodged            |    27 |    18 |    35 ||    80

Table legend: (Time is in decaauts)
 A = Elapsed time spent in this place.
 B = Non-inter-level travel time spent in this place.
 C = Inter-level travel time spent in this place.
 D = Time resting spent in this place.
 E = Time spent auto-exploring this place.
 F = Levels seen in this place.
 G = Mean time per level.
                   A        B        C        D        E       F      G
               +--------+--------+--------+--------+--------+-----+--------+
         Total |   7701 |   7550 |    151 |    973 |   5731 |   5 | 1540.2 |
       Dungeon |   7701 |   7550 |    151 |    973 |   5731 |   5 | 1540.2 |
               +--------+--------+--------+--------+--------+-----+--------+

Top non-repeatable levels by time:
     D:4: 2815 daAuts
     D:2: 1948 daAuts
     D:1: 1370 daAuts
     D:3: 1166 daAuts
     D:5: 399 daAuts
